 Dungeon Crawl Stone Soup version 0.22.0-49-gab54619674 (webtiles) character file.

181 JedernureinKreuz the Conjurer (level 5, -10/37 HPs)
             Began as a Gnoll Conjurer on Sept 9, 2018.
             Mangled by an iguana (11 damage)
             ... on level 4 of the Dungeon.
             The game lasted 00:08:55 (2325 turns).

JedernureinKreuz the Conjurer (Gnoll Conjurer)      Turns: 2325, Time: 00:08:55

Health: -10/37     AC:  5    Str: 11    XL:     5   Next: 61%
Magic:  0/12       EV: 14    Int: 18    God:
Gold:   206        SH:  0    Dex: 15    Spells: 13/14 levels left

rFire    . . .     SeeInvis .   a - +0 short sword
rCold    . . .     Gourm    .   (no shield)
rNeg     . . .     Faith    .   v - +0 leather armour
rPois    .         Spirit   .   i - +1 hat
rElec    .         Reflect  .   (no cloak)
rCorr    .         Harm     .   q - +0 pair of gloves
MR       .....                  (no boots)
Stlth    +++.......             (no amulet)
HPRegen  0.12/turn              (no ring)
MPRegen  0.13/turn              (no ring)

@: lethally poisoned (-10 -> -12)
A: distributed training, fangs 1, strong nose
a: no special abilities


You were on level 4 of the Dungeon.
You were not hungry.

You visited 1 branch of the dungeon, and saw 4 of its levels.

You collected 206 gold pieces.

Inventory:

Hand Weapons
 a - a +0 short sword (weapon)
 b - a +0 hunting sling
 d - a +0 club
Missiles
 k - 66 stones (quivered)
Armour
 h - a +0 robe
 i - a +1 hat (worn)
 q - a +0 pair of gloves (worn)
 v - a +0 leather armour (worn)
Jewellery
 m - an uncursed ring of protection from fire {unknown}
Scrolls
 f - 3 scrolls of identify {unknown}
 g - a scroll of remove curse {unknown}
 n - a scroll of fear {unknown}
 s - a scroll of teleportation {unknown}
 u - a scroll of magic mapping {unknown}
Potions
 e - 2 potions of might {unknown}
 j - a potion of ambrosia {unknown}
 l - a potion of curing {unknown}
 p - a potion of mutation {unknown}
 r - a potion of flight {unknown}
 t - a potion of resistance {unknown}
Comestibles
 c - 6 rations


   Skills:
 + Level 1.5 Fighting
 + Level 1.5 Short Blades
 + Level 1.5 Long Blades
 + Level 1.5 Axes
 + Level 1.5 Maces & Flails
 + Level 1.5 Polearms
 + Level 1.5 Staves
 + Level 1.5 Slings
 + Level 1.5 Bows
 + Level 1.5 Crossbows
 + Level 1.5 Throwing
 + Level 1.5 Armour
 + Level 4.8 Dodging
 + Level 4.4 Stealth
 + Level 1.5 Shields
 + Level 1.5 Unarmed Combat
 + Level 5.2 Spellcasting
 + Level 7.2 Conjurations
 + Level 1.2 Hexes
 + Level 1.2 Charms
 + Level 1.2 Summonings
 + Level 1.2 Necromancy
 + Level 1.2 Translocations
 + Level 1.2 Transmutations
 + Level 1.2 Fire Magic
 + Level 1.2 Ice Magic
 + Level 1.2 Air Magic
 + Level 1.2 Earth Magic
 + Level 1.2 Poison Magic
 + Level 1.7 Invocations
 + Level 1.5 Evocations


You had 13 spell levels left.
You knew the following spells:

 Your Spells              Type           Power        Failure   Level  Hunger
a - Magic Dart            Conj           ####         1%          1    None

Your spell library contained the following spells:

 Spells                   Type           Power        Failure   Level  Hunger
 Searing Ray              Conj           ####..       1%          2    #......
 Dazzling Spray           Conj/Hex       ###...       9%          3    ##.....
 Iskenderun's Mystic Bla  Conj           ####....     9%          4    ####...
 Force Lance              Conj/Tloc      ###.....     30%         4    ####...
 Fulminant Prism          Conj/Hex       ###.......   30%         4    ####...


Dungeon Overview and Level Annotations

Branches:
Dungeon (4/15)
 Temple: D:4-7

Altars:
Ashenzari
Trog


Innate Abilities, Weirdness & Mutations

Your experience applies equally to all skills.
You have very sharp teeth.
Your uncanny sense of smell can sniff out nearby items.


Message History

The iguana is moderately wounded.
* * * LOW HITPOINT WARNING * * *
You feel sick. The iguana barely misses you.
Casting: Magic Dart (safe; 1% risk of failure)
Confirm with . or Enter, or press ? or * to list all spells.
Aiming: Magic Dart (safe; 1% risk of failure)
Press: ? - help, Shift-Dir - straight line, f/p - iguana
Aim: an iguana (moderately wounded)
The magic dart hits the iguana.
The iguana is moderately wounded.
The iguana bites you but does no damage.
Casting: Magic Dart (safe; 1% risk of failure)
Confirm with . or Enter, or press ? or * to list all spells.
Aiming: Magic Dart (safe; 1% risk of failure)
Press: ? - help, Shift-Dir - straight line, f/p - iguana
Aim: an iguana (moderately wounded)
The magic dart hits the iguana.
The iguana is heavily wounded.
The iguana bites you!
You die...

.. #. #. #.
###.#####
#.......#
#.......#
##....l..#
.....>..†@.#
####.......#
#.......#
#.%.....#
###......
######.# ..
###


You could see an iguana.

Vanquished Creatures
  2 worker ants
  4 adders
  An ooze (D:1)
  4 worms
  2 dart slugs (D:2)
  A leopard gecko (D:2)
  7 orcs
  6 bats
  3 giant cockroaches (D:2)
  10 hobgoblins
  6 jackals
  A quokka (D:3)
  5 frilled lizards
  7 goblins
  6 kobolds
  3 rats
68 creatures vanquished.

Notes
Turn   | Place    | Note
-------+----------+-------------------------------------------
     0 | D:1      | JedernureinKreuz the Gnoll Conjurer began the quest for the
                  | Orb.
     0 | D:1      | Reached XP level 1. HP: 13/13 MP: 6/6
    79 | D:1      | Reached XP level 2. HP: 19/19 MP: 2/7
   373 | D:1      | You fall through a shaft!
   376 | D:2      | Reached XP level 3. HP: 25/25 MP: 5/9
   422 | D:2      | Reached skill level 5 in Spellcasting
   458 | D:2      | Reached skill level 1 in Invocations
   509 | D:2      | Reached skill level 1 in Fighting
   509 | D:2      | Reached skill level 1 in Short Blades
   509 | D:2      | Reached skill level 1 in Long Blades
   509 | D:2      | Reached skill level 1 in Axes
   509 | D:2      | Reached skill level 1 in Maces & Flails
   509 | D:2      | Reached skill level 1 in Polearms
   509 | D:2      | Reached skill level 1 in Staves
   509 | D:2      | Reached skill level 1 in Slings
   509 | D:2      | Reached skill level 1 in Bows
   509 | D:2      | Reached skill level 1 in Crossbows
   509 | D:2      | Reached skill level 1 in Throwing
   509 | D:2      | Reached skill level 1 in Armour
   509 | D:2      | Reached skill level 1 in Shields
   509 | D:2      | Reached skill level 1 in Unarmed Combat
   509 | D:2      | Reached skill level 1 in Evocations
   518 | D:2      | Reached XP level 4. HP: 18/32 MP: 0/11
  1096 | D:2      | Reached skill level 1 in Hexes
  1096 | D:2      | Reached skill level 1 in Charms
  1096 | D:2      | Reached skill level 1 in Summonings
  1096 | D:2      | Reached skill level 1 in Necromancy
  1096 | D:2      | Reached skill level 1 in Translocations
  1096 | D:2      | Reached skill level 1 in Transmutations
  1096 | D:2      | Reached skill level 1 in Fire Magic
  1096 | D:2      | Reached skill level 1 in Ice Magic
  1096 | D:2      | Reached skill level 1 in Air Magic
  1096 | D:2      | Reached skill level 1 in Earth Magic
  1096 | D:2      | Reached skill level 1 in Poison Magic
  1119 | D:2      | HP: 1/32 [poisoned by a worker ant]
  1432 | D:3      | Reached XP level 5. HP: 37/37 MP: 4/12
  1884 | D:3      | Found a shattered altar of Ashenzari.
  2065 | D:3      | Found a bloodstained altar of Trog.
  2323 | D:4      | HP: 1/37 [poisoned by a worker ant]
  2325 | D:4      | Mangled by an iguana

Skill      XL: |  1  2  3  4 |
---------------+-------------+-----
Spellcasting   | 5 |  5.2
Invocations    | 1 |  1.7
Fighting       | 1 |  1.5
Short Blades   | 1 |  1.5
Long Blades    | 1 |  1.5
Axes           | 1 |  1.5
Maces & Flails | 1 |  1.5
Polearms       | 1 |  1.5
Staves         | 1 |  1.5
Slings         | 1 |  1.5
Bows           | 1 |  1.5
Crossbows      | 1 |  1.5
Throwing       | 1 |  1.5
Armour         | 1 |  1.5
Shields        | 1 |  1.5
Unarmed Combat | 1 |  1.5
Evocations     | 1 |  1.5
Hexes          | 1 |  1.2
Charms         | 1 |  1.2
Summonings     | 1 |  1.2
Necromancy     | 1 |  1.2
Translocations | 1 |  1.2
Transmutations | 1 |  1.2
Fire Magic     | 1 |  1.2
Ice Magic      | 1 |  1.2
Air Magic      | 1 |  1.2
Earth Magic    | 1 |  1.2
Poison Magic   | 1 |  1.2
Dodging        | |  4.8
Stealth        | |  4.4
Conjurations   | |  7.2

Action                   |  1- 3 |  4- 6 || total
-------------------------+-------+-------++-------
Melee: Unarmed           |     3 |       ||     3
       Club              |     5 |       ||     5
       Bite              |     2 |    10 ||    12
       Short sword       |    13 |    31 ||    44
 Fire: Hunting sling     |       |     4 ||     4
 Cast: Magic Dart        |    42 |    92 ||   134
 Stab: Sleeping          |     2 |     2 ||     4
  Eat: Chunk             |       |     4 ||     4
Armor: Robe              |     3 |     7 ||    10
       Leather armour    |       |     9 ||     9
Dodge: Dodged            |    19 |    60 ||    79
